ITL
DETROIT X-WINGS @ WISCONSIN TIMBER RATTLERS
09/15/2025
 
TOP OF THE 1ST
Detroit X-Wings batting - Pitching for Wisconsin Timber Rattlers : LHP Dave Carbone
Pitching: LHP Dave Carbone
Batting: RHB Gary Witt 0-0: Called Strike
0-1: Foul Ball, location: 2F
0-2: Ball
1-2: Foul Ball, location: 2F
1-2: Foul Ball, location: 2F
1-2: Ball
2-2: Ball
3-2: Fly out, F9 (Flyball, 9S)
Batting: RHB Diego Ocampo 0-0: SINGLE (Line Drive, 78S)
Batting: LHB Gonzalo Trujillo 0-0: Foul Ball, location: 2F
0-1: Ball
1-1: Fielders Choice at 2nd, 2-6 (Groundball, 2L)
Now at SS: Emílio Carrillo
Batting: RHB Jorge Cora 0-0: Ball
1-0: Foul Ball, location: 2F
1-1: Ground out 6-3 (Groundball, 6)
Top of the 1st over - 0 run(s), 1 hit(s), 0 error(s), 1 left on base; Detroit 0 - Wisconsin 0
BOTTOM OF THE 1ST
Wisconsin Timber Rattlers batting - Pitching for Detroit X-Wings : RHP Alejandro Collazo
Pitching: RHP Alejandro Collazo
Batting: RHB Emílio Carrillo 0-0: Called Strike
0-1: SINGLE (Flyball, 78S)
Batting: RHB Murdoch Norton 0-0: Ball
1-0: Ball
2-0: Foul Ball, location: 2F
2-1: Ball
3-1: Grounds into double play, 6-4-3 (Groundball, 6M)
Batting: RHB William Farmer 0-0: Called Strike
0-1: Ground out 5-3 (Groundball, 5)
Bottom of the 1st over - 0 run(s), 1 hit(s), 0 error(s), 0 left on base; Detroit 0 - Wisconsin 0
TOP OF THE 2ND
Detroit X-Wings batting - Pitching for Wisconsin Timber Rattlers : LHP Dave Carbone
Batting: SHB Jaime Montés 0-0: Ball
1-0: Fly out, F7 (Flyball, 7M)
Batting: RHB Enrique Ramírez 0-0: Ground out 5-3 (Groundball, 15S)
Batting: SHB Chris Byrd 0-0: Called Strike
0-1: Ground out 4-3 (Groundball, 4)
Top of the 2nd over - 0 run(s), 0 hit(s), 0 error(s), 0 left on base; Detroit 0 - Wisconsin 0
BOTTOM OF THE 2ND
Wisconsin Timber Rattlers batting - Pitching for Detroit X-Wings : RHP Alejandro Collazo
Batting: LHB Tony Ortíz 0-0: Ball
1-0: Foul Ball, location: 2F
1-1: Ground out 4-3 (Groundball, 4)
Batting: LHB Aroghetto Dionisotti 0-0: Ball
1-0: Ball
2-0: Ball
3-0: Base on Balls
Batting: RHB Vicente Vélez 0-0: Called Strike
0-1: Ball
1-1: Swinging Strike
1-2: Ball
2-2: SINGLE (Groundball, 13S) (infield hit)
Aroghetto Dionisotti to second
Batting: RHB António Pérez 0-0: Called Strike
0-1: Ball
1-1: Ball
2-1: Ball
3-1: SINGLE (Groundball, 56D)
Aroghetto Dionisotti to third
Vicente Vélez to second
Batting: RHB Ulysse Bélisle 0-0: Foul Ball, location: 2F
0-1: Foul Ball, location: 2F
0-2: Strikes out looking
Batting: RHB Joseph Stone 0-0: Foul Ball, location: 2F
0-1: Ball
1-1: Called Strike
1-2: Strikes out looking
Bottom of the 2nd over - 0 run(s), 2 hit(s), 0 error(s), 3 left on base; Detroit 0 - Wisconsin 0
TOP OF THE 3RD
Detroit X-Wings batting - Pitching for Wisconsin Timber Rattlers : LHP Dave Carbone
Batting: LHB Jeremy Cox 0-0: Ball
1-0: Swinging Strike
1-1: Ball
2-1: Foul Ball, location: 2F
2-2: Ball
3-2: Fly out, F5 (Popup, 5SF)
Batting: SHB Mark Simmons 0-0: SINGLE (Line Drive, 6MD)
Pitching: RHP Mike Brown
Batting: RHB Gary Witt 0-0: Foul Ball, location: 2F
0-1: Foul Ball, location: 2F
0-2: Ball
1-2: Strikes out looking
Batting: RHB Diego Ocampo 0-0: Ball
1-0: SINGLE (Groundball, 5D)
Mark Simmons to second
Batting: LHB Gonzalo Trujillo 0-0: Ball
1-0: Ball
2-0: Ball
3-0: Called Strike
3-1: Base on Balls
Mark Simmons to third
Diego Ocampo to second
Batting: RHB Jorge Cora 0-0: Ball
1-0: Swinging Strike
1-1: Ball
2-1: Ball
3-1: Base on Balls
Mark Simmons scores
Diego Ocampo to third
Gonzalo Trujillo to second
Batting: SHB Jaime Montés 0-0: Ball
1-0: Ball
2-0: Ball
3-0: Called Strike
3-1: Base on Balls
Diego Ocampo scores
Gonzalo Trujillo to third
Jorge Cora to second
Batting: RHB Enrique Ramírez 0-0: Ball
1-0: Called Strike
1-1: Called Strike
1-2: Ball
2-2: Ball
3-2: Base on Balls
Gonzalo Trujillo scores
Jorge Cora to third
Jaime Montés to second
Batting: SHB Chris Byrd 0-0: Ball
1-0: Foul Ball, location: 2F
1-1: SINGLE (Groundball, 4MD)
Jorge Cora scores
Jaime Montés to third
Enrique Ramírez to second
Runner from 3rd tries for Home, SAFE, no throw or cutoff
Pitching: RHP Germán Arredondo
Batting: LHB Jeremy Cox 0-0: Ball
1-0: Foul Ball, location: 2F
1-1: Ball
2-1: Ball
3-1: Reached on error, E4 (Groundball, 4)
Enrique Ramírez to third
Chris Byrd to second
Batting: SHB Mark Simmons 0-0: Ball
1-0: Foul Ball, location: 2F
1-1: Ball
2-1: Ball
3-1: SINGLE (Line Drive, 6D)
Enrique Ramírez scores
Chris Byrd to third
Jeremy Cox to second
Runner from 3rd tries for Home, SAFE, no throw or cutoff
Batting: RHB Jaime Contreras 0-0: Fly out, F7 (Flyball, 7LM)
Top of the 3rd over - 7 run(s), 4 hit(s), 1 error(s), 2 left on base; Detroit 7 - Wisconsin 0
BOTTOM OF THE 3RD
Wisconsin Timber Rattlers batting - Pitching for Detroit X-Wings : RHP Alejandro Collazo
Now at 3B: Jaime Contreras
Batting: RHB Emílio Carrillo 0-0: Ball
1-0: DOUBLE (Line Drive, 8LXD)
Batting: RHB Murdoch Norton 0-0: Called Strike
0-1: Foul Ball, location: 2F
0-2: Ground out 6-3 (Groundball, 6)
Batting: RHB William Farmer 0-0: Called Strike
0-1: Fly out, F8 (Flyball, 8RXD)
Runner from 2nd tags up, SAFE at 3rd, no throw
Batting: LHB Tony Ortíz 0-0: Ball
1-0: Fly out, F7 (Popup, 6D)
Bottom of the 3rd over - 0 run(s), 1 hit(s), 0 error(s), 1 left on base; Detroit 7 - Wisconsin 0
TOP OF THE 4TH
Detroit X-Wings batting - Pitching for Wisconsin Timber Rattlers : RHP Germán Arredondo
Batting: RHB Diego Ocampo 0-0: Ball
1-0: Ball
2-0: Swinging Strike
2-1: SINGLE (Line Drive, 4)
Batting: LHB Gonzalo Trujillo 0-0: Ball
1-0: Ball
2-0: Foul Ball, location: 2F
2-1: Ball
3-1: Base on Balls
Diego Ocampo to second
Batting: RHB Jorge Cora 0-0: Swinging Strike
0-1: Foul Ball, location: 2F
0-2: Ball
1-2: Strikes out swinging
Batting: SHB Jaime Montés 0-0: Called Strike
0-1: Called Strike
0-2: Strikes out swinging
Batting: RHB Enrique Ramírez 0-0: Foul Ball, location: 2F
0-1: Swinging Strike
0-2: Ball
1-2: Ball
2-2: Foul Ball, location: 2F
2-2: Ball
3-2: Base on Balls
Diego Ocampo to third
Gonzalo Trujillo to second
Batting: SHB Chris Byrd 0-0: DOUBLE (Line Drive, 4M)
Diego Ocampo scores
Gonzalo Trujillo scores
Enrique Ramírez to third
Runner from 3rd tries for Home, SAFE, no throw or cutoff
Batting: LHB Jeremy Cox 0-0: Foul Ball, location: 2F
0-1: Called Strike
0-2: Foul Ball, location: 2F
0-2: Ball
1-2: Foul Ball, location: 2F
1-2: Strikes out looking
Top of the 4th over - 3 run(s), 2 hit(s), 0 error(s), 1 left on base; Detroit 10 - Wisconsin 0
BOTTOM OF THE 4TH
Wisconsin Timber Rattlers batting - Pitching for Detroit X-Wings : RHP Alejandro Collazo
Batting: LHB Aroghetto Dionisotti 0-0: Ball
1-0: Foul Ball, location: 2F
1-1: Ground out 3-1 (Groundball, 34)
Batting: RHB Vicente Vélez 0-0: Ball
1-0: Foul Ball, location: 2F
1-1: Ball
2-1: Foul Ball, location: 2F
2-2: Ball
3-2: Strikes out swinging
Batting: RHB António Pérez 0-0: Ball
1-0: Called Strike
1-1: Swinging Strike
1-2: Ball
2-2: Foul Ball, location: 2F
2-2: Ground out 6-3 (Groundball, 6)
Bottom of the 4th over - 0 run(s), 0 hit(s), 0 error(s), 0 left on base; Detroit 10 - Wisconsin 0
TOP OF THE 5TH
Detroit X-Wings batting - Pitching for Wisconsin Timber Rattlers : RHP Germán Arredondo
Pitching: RHP Jerry Terry
Batting: SHB Mark Simmons 0-0: Swinging Strike
0-1: Foul Ball, location: 2F
0-2: Ground out 3-1 (Groundball, 34S)
Batting: RHB Jaime Contreras 0-0: Called Strike
0-1: Foul Ball, location: 2F
0-2: Ball
1-2: Ball
2-2: Foul Ball, location: 2F
2-2: SINGLE (Line Drive, 8RS)
Batting: RHB Diego Ocampo 0-0: Ball
1-0: Swinging Strike
1-1: Ball
2-1: Foul Ball, location: 2F
2-2: Grounds into double play, 6-4-3 (Groundball, 6M)
Top of the 5th over - 0 run(s), 1 hit(s), 0 error(s), 0 left on base; Detroit 10 - Wisconsin 0
BOTTOM OF THE 5TH
Wisconsin Timber Rattlers batting - Pitching for Detroit X-Wings : RHP Alejandro Collazo
Batting: RHB Ulysse Bélisle 0-0: Swinging Strike
0-1: Ball
1-1: Ball
2-1: Ground out 3-1 (Groundball, 34)
Batting: RHB Joseph Stone 0-0: Called Strike
0-1: Swinging Strike
0-2: Ball
1-2: Ball
2-2: SINGLE (Line Drive, 8RS)
Batting: RHB Emílio Carrillo 0-0: Grounds into double play, 6-4-3 (Groundball, 6)
Bottom of the 5th over - 0 run(s), 1 hit(s), 0 error(s), 0 left on base; Detroit 10 - Wisconsin 0
TOP OF THE 6TH
Detroit X-Wings batting - Pitching for Wisconsin Timber Rattlers : RHP Jerry Terry
Batting: LHB Gonzalo Trujillo 0-0: Called Strike
0-1: Ball
1-1: Swinging Strike
1-2: Ball
2-2: Strikes out swinging
Batting: RHB Jorge Cora 0-0: Ball
1-0: SINGLE (Groundball, 4MD) (infield hit)
Batting: SHB Jaime Montés 0-0: Called Strike
Jorge Cora steals 2nd base
0-1: Ball
1-1: Called Strike
1-2: Ball
2-2: Ball
3-2: Base on Balls
Batting: RHB Enrique Ramírez 0-0: Ball
Jorge Cora is caught stealing 3rd base
Jaime Montés to second
1-0: Ball
Reached via error on a dropped throw, E3
Jaime Montés to third
Batting: SHB Chris Byrd 0-0: Ball
1-0: Ground out 4-3 (Groundball, 13)
Top of the 6th over - 0 run(s), 1 hit(s), 1 error(s), 2 left on base; Detroit 10 - Wisconsin 0
BOTTOM OF THE 6TH
Wisconsin Timber Rattlers batting - Pitching for Detroit X-Wings : RHP Alejandro Collazo
Batting: RHB Murdoch Norton 0-0: Ball
1-0: Called Strike
1-1: Foul Ball, location: 2F
1-2: SINGLE (Groundball, 6MD)
Batting: RHB William Farmer 0-0: Ball
1-0: Fielders Choice at 2nd, 6-4 (Groundball, 6M)
Batting: LHB Tony Ortíz 0-0: Called Strike
0-1: SINGLE (Groundball, 4MD)
William Farmer to second
Batting: LHB Aroghetto Dionisotti 0-0: Called Strike
0-1: Called Strike
0-2: SINGLE (Groundball, 13) (infield hit)
William Farmer to third
Tony Ortíz to second
Batting: RHB Vicente Vélez 0-0: Ball
Wild Pitch!
William Farmer scores
Tony Ortíz to third
Aroghetto Dionisotti to second
1-0: Called Strike
1-1: Ball
2-1: Foul Ball, location: 2F
2-2: Ball
3-2: Foul Ball, location: 2F
3-2: Ground out 3-1 (Groundball, 34S)
Tony Ortíz scores
Aroghetto Dionisotti to third
Batting: RHB António Pérez 0-0: Ball
1-0: Ground out U3 (Groundball, 3L)
Bottom of the 6th over - 2 run(s), 3 hit(s), 0 error(s), 1 left on base; Detroit 10 - Wisconsin 2
TOP OF THE 7TH
Detroit X-Wings batting - Pitching for Wisconsin Timber Rattlers : RHP Jerry Terry
Pitching: RHP Andy Parker
Batting: LHB Jeremy Cox 0-0: Called Strike
0-1: Ball
1-1: SINGLE (Groundball, 56)
Batting: SHB Mark Simmons 0-0: Called Strike
0-1: Grounds into double play, 4-6-3 (Groundball, 4)
Batting: RHB Jaime Contreras 0-0: Ball
1-0: Ball
2-0: Called Strike
2-1: Ground out 5-3 (Groundball, 5L)
Top of the 7th over - 0 run(s), 1 hit(s), 0 error(s), 0 left on base; Detroit 10 - Wisconsin 2
BOTTOM OF THE 7TH
Wisconsin Timber Rattlers batting - Pitching for Detroit X-Wings : RHP Alejandro Collazo
Batting: RHB Ulysse Bélisle 0-0: Ball
1-0: Foul Ball, location: 2F
1-1: Ball
2-1: Ball
3-1: Base on Balls
Batting: RHB Joseph Stone 0-0: Ball
1-0: Foul Ball, location: 2F
1-1: Called Strike
1-2: Ball
2-2: Foul Ball, location: 2F
2-2: DOUBLE (Line Drive, 9LD)
Ulysse Bélisle to third
Batting: RHB Emílio Carrillo 0-0: Ball
1-0: Fly out, F8 (Line Drive, 8RM)
Runner from 3rd tags up, SCORES, throw made
Pitching: RHP Felipe Téllez
Batting: RHB Murdoch Norton 0-0: Ball
1-0: Ball
2-0: Called Strike
2-1: Foul Ball, location: 2F
2-2: Strikes out looking
Batting: RHB William Farmer 0-0: Ball
1-0: Called Strike
1-1: Ball
2-1: Swinging Strike
2-2: Strikes out looking
Bottom of the 7th over - 1 run(s), 1 hit(s), 0 error(s), 1 left on base; Detroit 10 - Wisconsin 3
TOP OF THE 8TH
Detroit X-Wings batting - Pitching for Wisconsin Timber Rattlers : RHP Andy Parker
Batting: RHB Diego Ocampo 0-0: SINGLE (Line Drive, 78M)
Batting: LHB Gonzalo Trujillo 0-0: Called Strike
0-1: Fly out, F8 (Flyball, 8RM)
Batting: RHB Jorge Cora 0-0: Swinging Strike
0-1: Foul Ball, location: 2F
0-2: Ball
1-2: Ball
2-2: Grounds into double play, 4-6-3 (Groundball, 4)
Top of the 8th over - 0 run(s), 1 hit(s), 0 error(s), 0 left on base; Detroit 10 - Wisconsin 3
BOTTOM OF THE 8TH
Wisconsin Timber Rattlers batting - Pitching for Detroit X-Wings : RHP Felipe Téllez
Batting: LHB Tony Ortíz 0-0: Ball
1-0: Called Strike
1-1: Fly out, F7 (Flyball, 78M)
Pinch Hitting: RHB Chris Walker 0-0: Called Strike
0-1: Foul Ball, location: 2F
0-2: Ball
1-2: Strikes out swinging
Batting: RHB Vicente Vélez 0-0: Ball
1-0: Ball
2-0: Foul Ball, location: 2F
2-1: Ball
3-1: Swinging Strike
3-2: Base on Balls
Batting: RHB António Pérez 0-0: Foul Ball, location: 2F
0-1: Called Strike
0-2: Ball
1-2: Ball
2-2: Foul Ball, location: 2F
2-2: Ground out 1-3 (Groundball, 13)
Bottom of the 8th over - 0 run(s), 0 hit(s), 0 error(s), 1 left on base; Detroit 10 - Wisconsin 3
TOP OF THE 9TH
Detroit X-Wings batting - Pitching for Wisconsin Timber Rattlers : RHP Andy Parker
Now in RF: Chris Walker
Batting: SHB Jaime Montés 0-0: Foul Ball, location: 2F
0-1: Ball
1-1: Ball
2-1: Called Strike
2-2: Strikes out swinging
Batting: RHB Enrique Ramírez 0-0: Ball
1-0: Swinging Strike
1-1: Swinging Strike
1-2: Foul Ball, location: 2F
1-2: Strikes out looking
Batting: SHB Chris Byrd 0-0: Called Strike
0-1: Foul Ball, location: 2F
0-2: Ball
1-2: Ball
2-2: Strikes out swinging
Top of the 9th over - 0 run(s), 0 hit(s), 0 error(s), 0 left on base; Detroit 10 - Wisconsin 3
BOTTOM OF THE 9TH
Wisconsin Timber Rattlers batting - Pitching for Detroit X-Wings : RHP Felipe Téllez
Batting: RHB Ulysse Bélisle 0-0: Ball
1-0: Ball
2-0: Swinging Strike
2-1: Foul Ball, location: 2F
2-2: Strikes out swinging
Batting: RHB Joseph Stone 0-0: Ball
1-0: Ball
2-0: Ball
3-0: Called Strike
3-1: Called Strike
3-2: Base on Balls
Batting: RHB Emílio Carrillo 0-0: Foul Ball, location: 2F
0-1: Ball
1-1: Grounds into double play, 6-4-3 (Groundball, 6)
Bottom of the 9th over - 0 run(s), 0 hit(s), 0 error(s), 0 left on base; Detroit 10 - Wisconsin 3
This league is powered by Out of the Park Baseball, the baseball management simulation game for PC, Mac and Linux
Tuesday, August 2nd, 2016 - OOTP Baseball 16.8 Build 38